 Dungeon Crawl Stone Soup version 0.16.1-16-gc44b35d (webtiles) character file.

406 jacksonaction the Changer (level 6, 0/38 HPs)
             Began as an Octopode Transmuter on Apr 20, 2015.
             Was an Initiate of Cheibriados.
             Slain by an orc
             ... wielding a +2 flail of crushing
              (5 damage)
             ... on level 4 of the Dungeon on Apr 21, 2015.
             The game lasted 00:25:31 (4744 turns).

jacksonaction the Changer (Octopode Transmuter)     Turns: 4744, Time: 00:25:31

Health: 0/38       AC:  3    Str: 10    XL:     6   Next: 87%
Magic:  9/10       EV: 12    Int: 19    God:    Cheibriados [......]
Gold:   137        SH:  0    Dex: 13    Spells: 3 memorised, 1 level left

rFire  . . .     SeeInvis .       - Unarmed
rCold  . . .     Clarity  .     (no shield)
rNeg   . . .     SustAb   .     l - +2 hat
rPois  .         Gourm    .     (no amulet)
rElec  .         Spirit   .     (no ring)
rCorr  .         Warding  .     (no ring)
rMut   .         Stasis   .     (no ring)
MR     .....                    (no ring)
Stlth  ++........               (no ring)
                                (no ring)
                                (no ring)
                                (no ring)

@: very slow, not resistant to hostile enchantments, unstealthy
A: almost no armour, amphibious, 8 rings, constrict 8, camouflage 1, gelatinous
body 1
a: Bend Time, Renounce Religion


You were on level 4 of the Dungeon.
You worshipped Cheibriados.
Cheibriados was noncommittal.
You were near starving.

You visited 2 branches of the dungeon, and saw 5 of its levels.

You collected 137 gold pieces.

Inventory:

Hand weapons
 u - a +0 blowgun
Missiles
 j - 7 tomahawks (quivered)
 s - 16 poisoned needles
Armour
 l - a +2 hat (worn)
Scrolls
 f - a scroll of magic mapping {unknown}
 g - a scroll of recharging {unknown}
 k - 4 scrolls of identify {unknown}
 o - a scroll of fog {unknown}
 q - a scroll of enchant armour {unknown}
 r - 2 scrolls of teleportation {unknown}
Potions
 c - a potion of cancellation {unknown}
 e - a potion of cure mutation {unknown}
 i - 3 potions of might
 n - a potion of decay {unknown}
 p - a potion of mutation {unknown}
 t - a potion of haste {unknown}
Books
 d - a book of Changes

   Spells                             Type                      Level
   a - Beastly Appendage              Transmutation                1
   b - Sticks to Snakes               Transmutation                2
   c - Spider Form                    Transmutation/Poison         3
   d - Ice Form                       Ice/Transmutation            4
   e - Blade Hands                    Transmutation                5
Comestibles
 a - 5 bread rations
 b - 3 meat rations
 h - a beef jerky
 m - a royal jelly


   Skills:
 - Level 1.0 Fighting
 - Level 2.0 Dodging
 - Level 5.1 Unarmed Combat
 - Level 2.0 Spellcasting
 + Level 5.2 Transmutations
 - Level 2.0 Ice Magic


You had one spell level left.
You knew the following spells:

 Your Spells              Type           Power        Failure   Level  Hunger
a - Beastly Appendage     Trmt           ###...       1%          1    #......
b - Spider Form           Trmt/Pois      ##........   17%         3    ###....
c - Ice Form              Ice/Trmt       ###.....     38%         4    #####..


Dungeon Overview and Level Annotations

Branches:
Dungeon (4/15)             Temple (1/1) D:4

Altars:
Ashenzari
Cheibriados
Dithmenos
Fedhas
Gozag
Kikubaaqudgha
Makhleb
Nemelex Xobeh
Trog
Vehumet
Xom
Yredelemnul
Zin
The Shining One

Shops:
D:4 (


Innate Abilities, Weirdness & Mutations

You cannot wear most types of armour.
You are amphibious.
You can wear up to eight rings at the same time.
You can use your tentacles to constrict many enemies at once.
Your skin changes colour to match your surroundings (Stealth).
Your rubbery body absorbs attacks (AC +1).


Message History

Pain shoots through your body!
* * * LOW HITPOINT WARNING * * *
A hound skeleton comes into view.
You closely miss the orc priest. Your grab misses the orc priest.
The orc priest is moderately wounded.
The orc priest misses you.
You tentacle-slap the orc priest. You grab the orc priest.
The orc priest is heavily wounded.
You constrict the orc priest.
The orc priest mumbles some strange prayers to Beogh against you.
Pain shoots through your body!
* * * LOW HITPOINT WARNING * * *
You tentacle-slap the orc priest. You squeeze the orc priest.
You kill the orc priest!
Cheibriados appreciates the change of pace.
You see here 5 stones.
An orc opens the door.
There is an open door here.
The orc hits you with a flail of crushing.
You die...

.. #..# .##.. .... .g# ##
#)####+##+## .+
#)##...+...# .###+#
#)Z'...#...#
.##..##o..'..##o..##..#
.##..####'##.##.@(##..#
.....##...##+##.......#
.##..##...# #.......#
.##..##...# .#...##.####
+##.<.....#...#.<.##'##.#
#.......#...#.........#
#+###...#...#...##.##.#
.##..##...#...#...##+##.#
..........#...#.......#.#


You could see an orc and a hound skeleton.

Vanquished Creatures
  A hound (D:4)
  3 orc priests
  2 orc wizards
  An iguana (D:4)
  A worker ant (D:4)
  A gnoll (D:1)
  5 adders
  2 giant mites
  2 worms
  12 orcs
  9 hobgoblins
  6 jackals
  2 quokkas
  2 ball pythons (D:1)
  11 bats
  2 giant cockroaches
  4 giant geckos
  6 giant newts
  10 goblins
  14 kobolds
  9 rats
105 creatures vanquished.

Notes
Turn   | Place    | Note
--------------------------------------------------------------
     0 | D:1      | jacksonaction, the Octopode Transmuter, began the quest for the Orb.
     0 | D:1      | Reached XP level 1. HP: 13/13 MP: 3/3
    48 | D:1      | Reached XP level 2. HP: 11/18 MP: 2/4
   478 | D:1      | Reached XP level 3. HP: 23/23 MP: 6/6
   485 | D:1      | Learned a level 3 spell: Spider Form
   652 | D:1      | Reached skill level 4 in Unarmed Combat
  1487 | D:2      | Reached XP level 4. HP: 24/28 MP: 7/7
  1997 | D:3      | Noticed an ice beast
  2589 | D:3      | Reached skill level 5 in Unarmed Combat
  2589 | D:3      | Reached XP level 5. HP: 31/33 MP: 9/9
  2595 | D:3      | Learned a level 4 spell: Ice Form
  3065 | D:3      | Reached skill level 1 in Ice Magic
  3828 | D:4      | Found a sparkling altar of Nemelex Xobeh.
  3830 | D:4      | Found Klirum's Weapon Shop.
  3843 | D:4      | Reached XP level 6. HP: 35/38 MP: 6/10
  4343 | D:4      | Found a staircase to the Ecumenical Temple.
  4607 | Temple   | Entered the Ecumenical Temple
  4661 | Temple   | Became a worshipper of Cheibriados the Contemplative
  4729 | D:4      | Reached skill level 5 in Transmutations
  4744 | D:4      | Slain by an orc

Action                   |  1- 3 |  4- 6 || total
-------------------------+-------+-------++-------
Melee: Unarmed           |    85 |   165 ||   250
Throw: Tomahawk          |    14 |    10 ||    24
 Cast: Beastly Appendage |     1 |     1 ||     2
       Spider Form       |     1 |    17 ||    18
 Stab: Sleeping          |     5 |     3 ||     8
  Eat: Chunk             |     2 |    11 ||    13
